 Dungeon Crawl Stone Soup version 0.16.0-17-g811c1d7 (webtiles) character file.

201587 Leibowitz the Acrobat (level 19, -3/129 HPs)
             Began as a Kobold Berserker on Mar 20, 2015.
             Was the Champion of Trog.
             Slain by a wolf spider (9 damage)
             ... while paralysed by Norris
             ... on level 2 of the Spider Nest on Mar 21, 2015.
             The game lasted 04:19:37 (45010 turns).

Leibowitz the Acrobat (Kobold Berserker)           Turns: 45010, Time: 04:19:37

Health: -3/129     AC: 13    Str: 19      XL:     19   Next: 25%
Magic:  10/10      EV:  3    Int:  2 (5)  God:    Trog [******]
Gold:   2005       SH:  0    Dex: 28      Spells: 0 memorised, 18 levels left

rFire  . . .     SeeInvis +     V - +4 quick blade (antimagic)
rCold  . . .     Clarity  .     Y - +4 robe of Night {+Inv MR+ SInv Stlth+}
rNeg   + . .     SustAb   .     t - +2 shield {reflect}
rPois  +         Gourm    .     W - +0 helmet {SInv}
rElec  .         Spirit   .     M - +0 cloak "Steiq" {rPois rN+ MR- rCorr Stlth+}
rCorr  +         Warding  .     X - +1 pair of gloves {Dex+3}
rMut   .         Stasis   .     O - +0 pair of boots {Fly}
MR     ++...                    S - amulet of regeneration
Stlth  +++++++++.               Q - +6 ring of evasion
                                x - +3 ring of strength

@: paralysed, flying, very resistant to hostile enchantments, incredibly
stealthy
A: agile 1, carnivore 3, magic resistance 1, robust 1, spit poison 1
a: Spit Poison, Burn Spellbooks, Berserk, Trog's Hand, Brothers in Arms,
Renounce Religion, Evoke Invisibility, Stop Flying
}: 1/15 runes: decaying


You were on level 2 of the Spider Nest.
You worshipped Trog.
Trog was exalted by your worship.
You were hungry.

You visited 8 branches of the dungeon, and saw 39 of its levels.
You visited 1 bazaar.
You also visited: Sewer, Bailey and Ice Cave.

You collected 4325 gold pieces.
You spent 2320 gold pieces at shops.

Inventory:

Hand weapons
 a - the +3 rapier "Surar" {holy, rF- rC++ MR+ Str+3 Int-4}
   (Trog gifted it to you on level 4 of the Lair of Beasts)

   It has been blessed by the Shining One to cause great damage to the undead
   and demons.
   It affects your strength (+3).
   It affects your intelligence (-4).
   It makes you vulnerable to fire.
   It greatly protects you from cold.
   It affects your resistance to hostile enchantments.
 V - a +4 antimagic quick blade (weapon)
Missiles
 r - 3 throwing nets (quivered)
Armour
 t - a +2 shield of reflection (worn)
 H - the -5 ring mail of Midsummer {rC+ rN+}
   (You bought it in a shop in a bazaar)

   It protects you from cold.
   It protects you from negative energy.
 M - the +0 cloak "Steiq" (worn) {rPois rN+ MR- rCorr Stlth+}
   (You found it on level 14 of the Dungeon)

   It protects you from poison.
   It protects you from negative energy.
   It affects your resistance to hostile enchantments.
   It protects you from acid and corrosion.
   It makes you more stealthy.
 O - a +0 pair of boots of flying (worn)
 W - a +0 helmet of see invisible (worn)
 X - a +1 pair of gloves of dexterity (worn)
 Y - the +4 robe of Night (worn) {+Inv MR+ SInv Stlth+}
   (You bought it in a shop on level 4 of the Orcish Mines)

   It affects your resistance to hostile enchantments.
   It enhances your eyesight.
   It lets you turn invisible.
   It makes you more stealthy.
Jewellery
 d - an uncursed ring of teleport control
 v - an uncursed ring of ice
 x - a +3 ring of strength (left hand)
 y - an uncursed ring of protection from fire
 B - an uncursed ring of protection from magic
 G - an uncursed amulet of warding
 I - an uncursed ring of positive energy
 Q - a +6 ring of evasion (right hand)
 S - an amulet of regeneration (around neck)
Magical devices
 g - a wand of digging (9)
 k - a wand of lightning (10)
 z - a wand of teleportation (5)
 P - a wand of cold (2)
 T - a wand of fire (3)
 U - a wand of heal wounds (4)
Scrolls
 b - a scroll of enchant weapon
 h - 8 scrolls of fog
 i - 11 scrolls of remove curse
 l - 2 scrolls of enchant armour
 m - 5 scrolls of teleportation
 n - 25 scrolls of identify
 o - 3 scrolls of blinking
 q - 6 scrolls of recharging
 s - a scroll of summoning
 u - 7 scrolls of fear
 J - 4 scrolls of magic mapping
 K - 2 scrolls of holy word
Potions
 e - 17 potions of curing
 f - 7 potions of brilliance
 p - 4 potions of ambrosia
 A - 2 potions of resistance
 C - a potion of magic
 E - 3 potions of haste
 F - 2 potions of heal wounds
 L - 4 potions of cancellation
 N - 3 potions of agility
 Z - 2 potions of might
Comestibles
 c - 8 meat rations
 j - 3 beef jerkies
 w - 4 royal jellies


   Skills:
 * Level 12.8 Fighting
 - Level 11.7 Short Blades
 + Level 3.4 Throwing
 * Level 9.8 Armour
 * Level 21.2 Dodging
 + Level 17.0 Stealth
 * Level 11.3 Shields
 * Level 10.6 Evocations


You had 18 spell levels left.
You didn't know any spells.

Dungeon Overview and Level Annotations

Branches:
Dungeon (15/15)            Temple (1/1) D:6            Lair (8/8) D:10
  Swamp (5/5) Lair:3       Spider (2/5) Lair:4        Slime (1/6) Lair:7
    Orc (4/4) D:12            Elf (3/3) Orc:4        Vaults (0/5) D:14
 Depths: D:15

Altars:
Ashenzari
Cheibriados
Dithmenos
Elyvilon
Fedhas
Gozag
Kikubaaqudgha
Makhleb
Nemelex Xobeh
Okawaru
Qazlal
Ru
Sif Muna
Trog
Vehumet
Yredelemnul
Zin
The Shining One

Shops:
D:7 (   Orc:4 *([(

Annotations:
D:15 exclusion: orange crystal statue
Lair:3 exclusion: oklob plant
Spider:2 Norris


Innate Abilities, Weirdness & Mutations

You are small and have problems with some larger weapons.
You are carnivorous and can eat meat at any time.
You are agile. (Dex +2)
You are resistant to hostile enchantments.
You are robust (+10% HP).
You can spit poison.


Message History

The spider bites you. The spider barely misses you. The wolf spider hits you!
The wolf spider bites you!
Norris calls down the wrath of his god upon you.
Something tries to feed on your intellect!
The spider bites you but does no damage. x2
The wolf spider hits you but does no damage.
The wolf spider bites you!
* * * LOW HITPOINT WARNING * * *
The spider bites you but does no damage.
Norris hits you with a battleaxe of electrocution!
* * * LOW HITPOINT WARNING * * *
The spider bites you.
* * * LOW HITPOINT WARNING * * *
The wolf spider hits you!
* * * LOW HITPOINT WARNING * * *
The wolf spider bites you.
* * * LOW HITPOINT WARNING * * *
The spider bites you but does no damage. x2
The wolf spider hits you!
You die...

....... ..........#.
...#.(.
.....<...........#..#.
..."..............^.#^.
..#................^.#<.
....#.............#......
.................s......#
................@s.)†.....
..)..#^.......#s@#.†......
..........................
..........#..............
......#.......#.#.....#..
..#....................
..............^........
..... ......>......^# ....
... ...


You could see Norris (invisible), a wolf spider and 2 spiders.

Vanquished Creatures
  the Lernaean hydra (Swamp:5)
  2 deep elf blademasters
  Rupert (Lair:6)
  Agnes (Spider:2)
  Kirke (Spider:1)
  The ghost of Stendarr the Carver, a mighty HEAE of Okawaru (Elf:2)
  Donald (Swamp:2)
  Maud (Spider:1)
  A deep elf sorcerer (Elf:3)
  Louise (Spider:1)
  Jorgrun (Swamp:5)
  A deep elf annihilator (Elf:3)
  2 deep elf demonologists
  4 dire elephants (Lair:8)
  3 deep elf death magi (Elf:3)
  2 vault guards (D:14)
  Josephine (Orc:2)
  A deep elf high priest (Elf:1)
  18 hydras
  2 ghost crabs (Swamp:5)
  Nessos (D:15)
  A catoblepas (Lair:7)
  An anaconda (Lair:8)
  19 dancing weapons (Elf:2)
  4 death yaks (Lair:5)
  The ghost of nubinia the Covert, a powerful OpWz of Sif Muna (Lair:2)
  2 tengu warriors (D:14)
  2 alligators
  The ghost of vible the Fighter, an experienced GrFi of Okawaru (D:8)
  Urug (Swamp:1)
  5 orc high priests (Orc:4)
  14 deep elf knights
  A soul eater (Swamp:4)
  5 spriggan druids
  2 shambling mangroves
  4 deep elf summoners
  12 swamp dragons
  2 ice statues (IceCv)
  7 orc knights
  Pikel (D:6)
  8 hill giants
  5 orc sorcerers
  A wolf spider zombie (D:15)
  8 deep elf conjurers
  5 ugly things
  A wizard (D:13)
  An orb spider (Spider:1)
  A shining eye (Lair:7)
  4 wolf spiders (Spider:1)
  2 cyclopes
  A rust devil (Swamp:4)
  4 griffons
  A hornet (Swamp:2)
  4 elephants (Lair:8)
  3 centaur zombies
  3 torpor snails
  3 black mambas
  A gargoyle (D:13)
  A queen ant (Lair:2)
  12 spiny frogs
  4 molten gargoyles (Elf:2)
  3 centaur skeletons
  A tengu conjurer (D:14)
  3 kobold demonologists (D:14)
  5 komodo dragons
  15 deep elf priests
  4 fire drakes
  2 demonic crawlers
  3 jumping spiders (Spider:1)
  4 giant leeches
  7 trolls
  4 two-headed ogres
  13 ravens
  13 blink frogs
  9 bog bodies
  A trapdoor spider (Spider:1)
  23 slime creatures
  24 deep elf magi
  2 shadows
  12 redbacks
  5 basilisks
  2 humans (D:14)
  10 spriggans
  2 wyverns
  7 tarantellas (Spider:1)
  2 wraiths (D:12)
  25 yaks
  25 deep elf fighters
  2 fire bats (Lair:1)
  2 steam dragons
  10 hippogriffs
  13 vampire mosquitoes
  4 hungry ghosts
  A fire elemental (Elf:2)
  A hippogriff (shapeshifter) (Elf:1)
  2 wargs
  2 mottled dragons
  22 soldier ants
  29 swamp worms
  Menkaure (D:6)
  8 insubstantial wisps
  A soldier ant (shapeshifter) (Elf:2)
  18 water moccasins
  A slave (D:6)
  12 porcupines
  19 spiders
  3 ice beasts
  11 swamp drakes
  4 black bears
  5 wasps
  7 necrophages
  13 ogres
  10 crocodiles
  27 orc warriors
  6 sky beasts
  3 phantoms
  Duvessa (D:7)
  7 centaurs
  2 lost souls (Elf:3)
  A gnoll sergeant (D:5)
  15 giant frogs
  2 big kobolds
  11 killer bees
  7 scorpions
  3 troll zombies (D:12)
  2 vampire bats (Lair:4)
  6 wights
  2 electric eels (Lair:1)
  Dowan (D:7)
  11 crimson imps
  4 goliath beetles
  A giant frog skeleton (D:9)
  37 orc priests
  An iron imp (D:14)
  4 jellies
  11 hounds
  18 iguanas
  34 orc wizards
  29 worker ants
  20 sheep (Lair:7)
  Ijyb (D:2)
  5 ogre zombies (D:12)
  2 hound zombies
  Terence (D:2)
  2 mummies
  A worker ant zombie (D:6)
  28 adders
  7 gnolls
  51 river rats
  17 giant mites
  5 worms
  5 shadow imps
  9 white imps (D:11)
  2 adder skeletons (D:4)
  14 oozes
  146 orcs
  A bat skeleton (D:5)
  A bat zombie (D:6)
  15 giant cockroaches
  38 goblins
  26 hobgoblins
  11 jackals
  35 kobolds
  16 quokkas
  9 ball pythons
  25 bats
  13 giant geckos
  A giant gecko skeleton (D:7)
  13 giant newts
  A giant spore (D:7)
  3 goblin skeletons (D:12)
  A goblin zombie (D:12)
  2 hobgoblin skeletons (D:12)
  3 hobgoblin zombies (D:12)
  A jackal skeleton (D:6)
  A jackal zombie (D:5)
  3 orc skeletons (D:12)
  15 orc zombies
  13 rats
  8 ballistomycetes (D:7)
  3 plants
1452 creatures vanquished.

Vanquished Creatures (collateral kills)
  Asterion (Swamp:5)
  A deep elf sorcerer (Elf:3)
  A spectral weapon (Swamp:5)
  A stone giant (Swamp:5)
  3 deep elf annihilators (Elf:3)
  2 deep elf demonologists (Elf:3)
  A deep elf death mage (Elf:3)
  3 orc knights (Orc:4)
  A jumping spider (Spider:2)
  4 ravens (Swamp:5)
  A redback (Spider:2)
  A spriggan (Swamp:5)
  3 wraiths (Orc:2)
  A swamp worm (Swamp:5)
  A swamp drake (Swamp:5)
  6 ice beasts (IceCv)
  16 orc warriors
  11 orc priests
  3 orc wizards
  3 white imps (D:11)
  30 orcs
  A hobgoblin (Orc:1)
  An orc zombie (Orc:2)
96 creatures vanquished.

Vanquished Creatures (others)
  A deep elf master archer (Elf:3)
  A deep troll (Swamp:5)
  A hill giant (Spider:2)
  A cyclops (D:14)
  A troll (Orc:2)
  3 slaves (D:6)
  4 humans (Spider:1)
  An ogre (Orc:1)
  2 centaurs
  2 lost souls (Elf:3)
  A giant frog (D:6)
  A crimson imp (D:6)
  2 orcs (Orc:4)
  A hobgoblin (Orc:4)
  4 fungi
  3 plants
  8 toadstools (Lair:3)
37 creatures vanquished.

Grand Total: 1585 creatures vanquished

Notes
Turn   | Place    | Note
--------------------------------------------------------------
     0 | D:1      | Leibowitz, the Kobold Berserker, began the quest for the Orb.
     0 | D:1      | Reached XP level 1. HP: 14/14 MP: 1/1
   130 | D:1      | Reached XP level 2. HP: 12/19 MP: 2/2
   285 | D:1      | Acquired Trog's second power
   444 | D:1      | Reached XP level 3. HP: 22/24 MP: 3/3
   709 | D:2      | Reached skill level 1 in Stealth
   752 | D:2      | Noticed Terence
   788 | D:2      | Killed Terence
  1025 | D:2      | Reached XP level 4. HP: 24/29 MP: 4/4
  1030 | D:2      | Noticed Ijyb
  1059 | D:2      | Killed Ijyb
  1507 | D:2      | Reached XP level 5. HP: 28/33 MP: 5/5
  2074 | D:3      | Found a radiant altar of Vehumet.
  2516 | D:3      | Reached XP level 6. HP: 39/39 MP: 6/6
  2550 | D:3      | Acquired Trog's third power
  2886 | D:4      | Found a white marble altar of Elyvilon.
  3270 | D:4      | Found an ancient bone altar of Kikubaaqudgha.
  3440 | D:4      | Reached skill level 1 in Throwing
  3440 | D:4      | Reached skill level 1 in Shields
  3440 | D:4      | Reached XP level 7. HP: 44/44 MP: 7/7
  3547 | D:4      | Reached skill level 5 in Short Blades
  4047 | D:5      | Entered Level 5 of the Dungeon
  4078 | D:5      | Reached skill level 5 in Stealth
  4117 | D:5      | Reached skill level 5 in Dodging
  4194 | D:5      | Reached XP level 8. HP: 37/48 MP: 8/8
  4238 | D:5      | Reached skill level 5 in Fighting
  4337 | D:5      | HP: 2/49 [orc wizard/puff of flame (10)]
  4756 | D:5      | Reached skill level 6 in Short Blades
  4763 | D:5      | Received a gift from Trog
  5544 | D:5      | Reached XP level 9. HP: 44/54 MP: 9/9
  5900 | D:6      | Found a shadowy altar of Dithmenos.
  5970 | D:6      | Noticed Pikel
  6013 | D:6      | Killed Pikel
  6013 | D:6      | Reached skill level 7 in Dodging
  6361 | D:6      | Found a glowing drain.
  6382 | Sewer    | Entered a sewer
  6566 | Sewer    | Received a gift from Trog
  6672 | Sewer    | Reached skill level 8 in Dodging
  6762 | Sewer    | Received a gift from Trog
  6829 | Sewer    | Received a gift from Trog
  6999 | D:6      | Found a staircase to the Ecumenical Temple.
  7012 | Temple   | Entered the Ecumenical Temple
  7276 | D:6      | Noticed Menkaure
  7281 | D:6      | Killed Menkaure
  7632 | D:6      | Found a burning altar of Makhleb.
  7647 | D:6      | Reached XP level 10. HP: 50/60 MP: 10/10
  7695 | D:6      | Found a bloodstained altar of Trog.
  8320 | D:7      | Reached skill level 9 in Dodging
  8393 | D:7      | Noticed Duvessa
  8393 | D:7      | Noticed Dowan
  8439 | D:7      | Killed Duvessa
  8453 | D:7      | Killed Dowan
  8498 | D:7      | Received a gift from Trog
  8569 | D:7      | Found Phucs' Antique Weapon Emporium.
  9367 | D:8      | Noticed vible's ghost (experienced GrFi)
  9379 | D:8      | Killed vible's ghost
  9379 | D:8      | Reached skill level 10 in Dodging
 10058 | D:9      | Reached XP level 11. HP: 24/67 MP: 11/11
 10334 | D:9      | Received a gift from Trog
 10778 | D:9      | Reached skill level 5 in Armour
 10786 | D:9      | Reached skill level 11 in Dodging
 11347 | D:10     | Entered Level 10 of the Dungeon
 11398 | D:10     | Found a staircase to the Lair.
 11940 | D:10     | Reached skill level 10 in Stealth
 12795 | D:11     | Reached skill level 5 in Shields
 12835 | D:11     | Noticed a hill giant
 12900 | D:11     | Noticed a cyclops
 12922 | D:11     | Killed a cyclops
 12974 | D:11     | Noticed a purple ugly thing
 12985 | D:11     | Killed a purple ugly thing
 12985 | D:11     | Reached skill level 12 in Dodging
 12992 | D:11     | Found a glowing silver altar of Zin.
 13047 | D:11     | Found a frozen archway.
 13079 | IceCv    | Entered an ice cave
 13278 | IceCv    | Noticed an ice statue
 13278 | IceCv    | Noticed an ice statue
 13283 | IceCv    | Killed an ice statue
 13283 | IceCv    | Reached XP level 12. HP: 48/73 MP: 4/12
 13290 | IceCv    | Killed an ice statue
 13290 | IceCv    | Reached skill level 10 in Short Blades
 13717 | D:11     | Received a gift from Trog
 13892 | D:11     | Noticed a hill giant
 13905 | D:11     | Killed a hill giant
 14039 | D:11     | Killed a hill giant
 14437 | D:12     | Found a stormy altar of Qazlal.
 14533 | D:12     | Found a staircase to the Orcish Mines.
 14551 | D:12     | Reached skill level 13 in Dodging
 16335 | Orc:1    | Entered Level 1 of the Orcish Mines
 16489 | Orc:2    | Received a gift from Trog
 16618 | Orc:2    | Noticed Josephine
 16641 | Orc:2    | HP: 2/75 [Josephine/ghostly fireball (27)]
 16642 | Orc:2    | Killed Josephine
 16908 | Orc:1    | Received a gift from Trog
 17007 | Orc:1    | Received a gift from Trog
 17529 | Orc:2    | Reached XP level 13. HP: 61/79 MP: 13/13
 17924 | Orc:3    | Reached skill level 14 in Dodging
 18333 | Orc:3    | Received a gift from Trog
 18474 | Orc:3    | Found a burning altar of Makhleb.
 18738 | Orc:4    | Entered Level 4 of the Orcish Mines
 18782 | Orc:4    | Found a flickering gateway to a bazaar.
 18790 | Bazaar   | Entered a bazaar
 18790 | Bazaar   | Found Tweascho's Gadget Boutique.
 18796 | Bazaar   | Found Thomor's Antique Armour Shoppe.
 18805 | Bazaar   | Bought a polished leather armour for 196 gold pieces
 18815 | Bazaar   | Identified the +2 leather armour "Zurixzye" {Str+2} (You bought it in a shop in a bazaar)
 18815 | Bazaar   | Bought an ichor-stained ring mail for 252 gold pieces
 18825 | Bazaar   | Identified the cursed -5 ring mail of Midsummer {rC+ rN+} (You bought it in a shop in a bazaar)
 18833 | Bazaar   | Found Prof's Magic Scroll Boutique.
 18844 | Bazaar   | Found Jomm's Antique Weapon Emporium.
 18850 | Bazaar   | Found Edauggup's General Store.
 18860 | Bazaar   | Bought a scroll of enchant weapon for 52 gold pieces
 18884 | Bazaar   | Bought a shiny helmet for 126 gold pieces
 18884 | Bazaar   | Bought a pair of embroidered gloves for 126 gold pieces
 18930 | Bazaar   | Bought a scroll of recharging for 76 gold pieces
 18930 | Bazaar   | Bought a scroll of brand weapon for 160 gold pieces
 18946 | Bazaar   | Bought a wand of heal wounds (4) for 576 gold pieces
 19155 | Orc:4    | Received a gift from Trog
 19726 | Orc:4    | Found a staircase to the Elven Halls.
 19928 | Orc:4    | Received a gift from Trog
 19958 | Orc:4    | Reached skill level 15 in Dodging
 20072 | Orc:4    | Found Ogoil's General Store.
 20078 | Orc:4    | Found Twusauq's Antique Armour Shoppe.
 20078 | Orc:4    | Found Vuetaote's Antique Weapon Emporium.
 20080 | Orc:4    | Found Seump's Antique Weapon Emporium.
 20194 | Elf:1    | Entered Level 1 of the Elven Halls
 20474 | Lair:1   | Entered Level 1 of the Lair of Beasts
 20966 | Lair:1   | Received a gift from Trog
 21402 | Orc:4    | Bought the +4 robe of Night {+Inv MR+ SInv Stlth+} for 756 gold pieces
 22049 | Lair:1   | Reached skill level 1 in Evocations
 22412 | Lair:2   | Noticed nubinia's ghost (powerful OpWz)
 22429 | Lair:2   | Killed nubinia's ghost
 22653 | Lair:2   | Received a gift from Trog
 22752 | Lair:2   | Reached XP level 14. HP: 86/86 MP: 18/18
 22787 | Lair:2   | Received a gift from Trog
 22908 | Lair:2   | Got a faintly glowing lajatang {god gift}
 22914 | Lair:2   | Identified the +11 lajatang "Jalor" {slice, rN++ Str-2 Dex+7} (Trog gifted it to you on level 2 of the Lair of Beasts)
 24208 | Lair:3   | Received a gift from Trog
 24378 | Lair:3   | Found a blossoming altar of Fedhas.
 24577 | Lair:3   | Found a staircase to the Swamp.
 24674 | Lair:3   | Gained mutation: You are robust (+10% HP). [potion of beneficial mutation]
 24955 | Lair:4   | Found a hole to the Spider Nest.
 24975 | Spider:1 | Entered Level 1 of the Spider Nest
 25112 | Lair:4   | Received a gift from Trog
 25116 | Lair:4   | Got an iridescent rapier {god gift}
 25117 | Lair:4   | Identified the +3 rapier "Surar" {holy, rF- rC++ MR+ Str+3 Int-4} (Trog gifted it to you on level 4 of the Lair of Beasts)
 25947 | Lair:5   | Reached skill level 16 in Dodging
 26517 | Lair:5   | Received a gift from Trog
 26856 | Lair:6   | Gained mutation: You are agile. (Dex +2) [potion of beneficial mutation]
 26926 | Lair:6   | Found a staircase to the Slime Pits.
 27279 | Lair:6   | Gained mutation: You are resistant to hostile enchantments. [potion of beneficial mutation]
 27306 | Lair:6   | Noticed Rupert
 27312 | Lair:6   | Killed Rupert
 27756 | Lair:7   | Found a staircase to the Slime Pits.
 27782 | Slime:1  | Entered Level 1 of the Pits of Slime
 27810 | Lair:7   | Reached XP level 15. HP: 60/101 MP: 22/22
 28227 | Lair:7   | Reached skill level 10 in Fighting
 28364 | Lair:7   | Received a gift from Trog
 28374 | Lair:7   | Got a warped mace {god gift}
 28375 | Lair:7   | Identified the +11 mace of Kisikhle {crush, rElec rF++ rC- Str+2} (Trog gifted it to you on level 7 of the Lair of Beasts)
 29279 | Lair:8   | Entered Level 8 of the Lair of Beasts
 29789 | Lair:8   | Received a gift from Trog
 29789 | Lair:8   | Reached skill level 5 in Evocations
 30243 | Lair:8   | Reached skill level 17 in Dodging
 30824 | Swamp:1  | Entered Level 1 of the Swamp
 31125 | Swamp:1  | Noticed Urug
 31144 | Swamp:1  | Killed Urug
 31728 | Swamp:2  | Noticed Donald
 31735 | Swamp:2  | Killed Donald
 32285 | Swamp:5  | Entered Level 5 of the Swamp
 32486 | Swamp:4  | Received a gift from Trog
 32708 | Swamp:4  | Reached XP level 16. HP: 108/108 MP: 25/25
 32942 | Swamp:5  | Noticed Jorgrun
 32942 | Swamp:5  | Noticed Asterion
 33224 | Swamp:3  | Reached skill level 18 in Dodging
 33430 | Swamp:3  | Found a stormy altar of Qazlal.
 34545 | D:13     | Received a gift from Trog
 35162 | D:14     | Found a gate to the Vaults.
 35300 | D:14     | Found a flagged portal.
 35361 | Bailey   | Entered a bailey
 36308 | D:14     | Reached skill level 19 in Dodging
 36333 | D:14     | Got a faintly humming cloak
 36344 | D:14     | Identified the +0 cloak "Steiq" {rPois rN+ MR- rCorr Stlth+} (You found it on level 14 of the Dungeon)
 36633 | D:14     | Received a gift from Trog
 36866 | D:15     | Entered Level 15 of the Dungeon
 36875 | D:15     | Noticed Nessos
 36879 | D:15     | Killed Nessos
 36879 | D:15     | Reached XP level 17. HP: 116/116 MP: 27/27
 37363 | Swamp:5  | Killed Jorgrun
 37646 | Swamp:5  | Killed Asterion
 37802 | Swamp:5  | Noticed the 27-headed Lernaean hydra
 37817 | Swamp:5  | Killed the 27-headed Lernaean hydra
 37880 | Swamp:5  | Reached skill level 10 in Shields
 38019 | Swamp:5  | Received a gift from Trog
 38119 | Swamp:5  | Reached skill level 20 in Dodging
 38548 | Swamp:5  | Noticed a spectral shard shrike
 38644 | Swamp:5  | Got a decaying rune of Zot
 39215 | Spider:1 | Received a gift from Trog
 40036 | Elf:1    | Noticed a deep elf high priest
 40054 | Elf:1    | Killed a deep elf high priest
 40054 | Elf:1    | Reached skill level 15 in Stealth
 40109 | Elf:1    | Noticed a deep elf demonologist
 40115 | Elf:1    | Killed a deep elf demonologist
 40383 | Elf:1    | Reached XP level 18. HP: 117/123 MP: 29/29
 40832 | Elf:2    | Received a gift from Trog
 41154 | Elf:2    | Found a huge runed gate.
 41155 | Elf:2    | Found a huge runed gate.
 41163 | Elf:2    | Found a huge runed gate.
 41168 | Elf:2    | Found a huge runed gate.
 41169 | Elf:2    | Found a huge runed gate.
 41685 | Elf:2    | Received a gift from Trog
 41747 | Elf:2    | Noticed Stendarr's ghost (mighty HEAE)
 41751 | Elf:2    | Killed Stendarr's ghost
 42434 | Elf:2    | Reached skill level 10 in Evocations
 42695 | Elf:3    | Entered Level 3 of the Elven Halls
 43247 | Elf:3    | Received a gift from Trog
 43535 | Elf:3    | Gained mutation: You can spit poison. [a neqoxec]
 43539 | Elf:3    | Lost intelligence.
 43652 | Elf:3    | Reached skill level 21 in Dodging
 43773 | Elf:3    | Reached XP level 19. HP: 114/129 MP: 31/31
 43795 | Elf:3    | Noticed a Brimstone Fiend
 43804 | Elf:3    | Received a gift from Trog
 43805 | Elf:3    | Lost intelligence.
 44406 | Spider:1 | Noticed Louise
 44408 | Spider:1 | Killed Louise
 44409 | Spider:1 | Noticed Kirke
 44418 | Spider:1 | Killed Kirke
 44668 | Spider:1 | Noticed Maud
 44733 | Spider:1 | Killed Maud
 44946 | Spider:2 | Noticed Norris
 44948 | Spider:2 | Noticed Agnes
 44969 | Spider:2 | Killed Agnes
 45007 | Spider:2 | Paralysed by Norris for 6 turns
 45010 | Spider:2 | HP: 6/129 [wolf spider (1)]
 45010 | Spider:2 | Slain by a wolf spider

Action                   |  1- 3 |  4- 6 |  7- 9 | 10-12 | 13-15 | 16-18 | 19-21 || total
-------------------------+-------+-------+-------+-------+-------+-------+-------++-------
Melee: Short sword       |   120 |   182 |   124 |    67 |     9 |       |       ||   502
       Dagger            |       |       |   441 |  1523 |  1111 |       |       ||  3075
       Rapier            |       |       |       |     9 |   674 |  1153 |    30 ||  1866
       Unarmed           |       |       |       |       |    27 |     2 |       ||    29
       Quick blade       |       |       |       |       |       |    41 |   198 ||   239
 Fire: Blowgun           |       |    15 |    49 |     7 |       |       |       ||    71
Throw: Throwing net      |       |     1 |       |     3 |       |       |       ||     4
       Tomahawk          |       |       |     2 |       |       |       |       ||     2
Invok: Berserk           |       |     1 |     1 |     3 |     5 |     1 |       ||    11
       Brothers in Arms  |       |       |       |     5 |     4 |     4 |     2 ||    15
       Burn Spellbooks   |       |       |       |     3 |     2 |     2 |       ||     7
       Trog's Hand       |       |       |       |     1 |     1 |     1 |     1 ||     4
 Abil: Evoke Invisibilit |       |       |       |       |    22 |    32 |     1 ||    55
       Stop Flying       |       |       |       |       |     1 |     1 |       ||     2
       Evoke Flight      |       |       |       |       |     1 |     1 |       ||     2
Evoke: Wand              |       |     2 |       |     3 |    11 |       |     1 ||    17
  Use: Scroll            |       |       |    15 |     4 |     8 |     8 |     1 ||    36
       Potion            |       |       |    11 |     4 |     9 |     3 |     2 ||    29
 Stab: Sleeping          |       |     7 |    22 |    30 |   155 |   136 |     6 ||   356
       Held in net/web   |       |     1 |       |     1 |       |       |       ||     2
       Distracted        |       |     1 |     1 |     3 |     5 |    13 |     1 ||    24
       Confused          |       |       |       |     1 |     1 |       |       ||     2
       Invisible         |       |       |       |       |    53 |    71 |       ||   124
  Eat: Chunk             |       |    10 |    14 |    28 |    48 |    21 |       ||   121
       Beef jerky        |       |       |     2 |       |     2 |       |       ||     4
       Pizza             |       |       |       |     3 |     2 |       |       ||     5
       Meat ration       |       |       |       |     1 |     2 |     6 |       ||     9
